 Dungeon Crawl Stone Soup version 0.27.1-2-g3b301248ec (webtiles) character file.

Game seed: 2222077861600571470

54 Descartes the Scratcher (level 3, 0/15 HPs)
             Began as a Felid Wanderer on Oct 2, 2021.
             Killed from afar by an orc wizard (9 damage)
             ... with a magic dart
             ... on level 4 of the Dungeon.
             The game lasted 00:05:17 (4604 turns).

Descartes the Scratcher (Felid Wanderer)            Turns: 4604, Time: 00:05:17

Health: 0/15       AC:  1    Str:  9    XL:     3   Next: 66%
Magic:  3/4        EV: 18    Int: 13    God:
Gold:   102        SH:  0    Dex: 15    Spells: 0/2 levels left
                                        Lives:  0   Deaths: 1

rFire    . . .     SeeInvis +     - Unarmed
rCold    . . .     Faith    .   (shield unavailable)
rNeg     . . .     Spirit   .   (armour unavailable)
rPois    .         Reflect  .   (helmet unavailable)
rElec    .         Harm     .   (cloak unavailable)
rCorr    .         Rampage  .   (gloves unavailable)
Will     .....                  (boots unavailable)
Stlth    +++.......             (no amulet)
HPRegen  0.05/turn              (no ring)
MPRegen  0.09/turn              (no ring)

@: appendages, quick
A: horns 2, very small, claws 1, fangs 3, see invisible, speed 1, shaggy fur 1,
stealthy paws, no weapons or thrown items, no armour, multi-lived
a: End Transformation


You were on level 4 of the Dungeon.
You had temporarily grown beastly horns.
You visited 1 branch of the dungeon, and saw 4 of its levels.

You collected 102 gold pieces.

Inventory:

Jewellery
 d - an amulet of guardian spirit
Wands
 j - a wand of paralysis (6)
Scrolls
 b - a scroll of teleportation
 h - a scroll of immolation
 k - a scroll of noise
Potions
 a - 2 potions of heal wounds
 c - 2 potions of lignification
 e - 2 potions of magic
 g - 2 potions of brilliance
 i - a potion of resistance {unknown}


   Skills:
 - Level 1.0 Fighting
 + Level 3.4 Dodging
 + Level 4.7 Stealth
 - Level 5.0 Unarmed Combat
 + Level 2.3 Translocations
 + Level 0.8 Transmutations
 - Level 2.1 Evocations


You couldn't memorise any spells.
You knew the following spells:

 Your Spells              Type           Power      Damage    Failure   Level
a - Beastly Appendage     Tmut           4%         N/A       22%         1
b - Blink                 Tloc           N/A        N/A       19%         2

Your spell library contained the following spells:

 Spells                   Type           Power      Damage    Failure   Level
 Wereblood                Tmut           2%         N/A       32%         2
 Spider Form              Tmut/Pois      0%         N/A       61%         3
 Ignite Poison            Fire/Tmut/Pois 0%         N/A       63%         3
 Conjure Flame            Conj/Fire      0%         6-21      67%         3
 Tukima's Dance           Hex            0%         N/A       67%         3
 Passage of Golubria      Tloc           N/A        N/A       77%         4
 Sticky Flame             Conj/Fire      0%         2d3       97%         4
 Manifold Assault         Tloc           6%         N/A       98%         5
 Yara's Violent Unravell  Hex/Tmut       0%         3d3       100%        5
 Storm Form               Tmut/Air       0%         N/A       100%        7


Dungeon Overview and Level Annotations

Branches:
Dungeon (4/15)
 Temple: D:4-7

Altars:


Innate Abilities, Weirdness & Mutations

You have temporarily grown beastly horns.
You have sharp claws.
You have razor-sharp teeth.
You have supernaturally acute eyesight. (SInv)
You cover ground quickly. (Speed+)
You are covered in fur. (AC +1)
Your paws help you pounce on unaware monsters.
You are incapable of wielding weapons or throwing items.
You cannot wear armour.
You gain extra lives every three experience levels.


Message History

There is an escape hatch in the floor here.
You slide downwards.
The hatch slams shut behind you.
Done exploring.
There is a stone staircase leading down here.
You climb downwards.
You hear the hiss of flowing sand.
There is an entrance to an ossuary on this level.
Hurry and find it before the portal is buried!
Found 10 gold pieces.
Found a stone staircase leading down.
There is a stone staircase leading up here.
You pounce on the unaware helpless kobold!
You eviscerate the kobold!!!
You kill the kobold!
Things that are here:
a +0 short sword; 4 stones You see here 10 gold pieces.
The helpless goblin fails to defend itself.
You mangle the goblin!!
You kill the goblin!
As you read the scroll of identify, it crumbles to dust.
g - 2 potions of brilliance You now have 102 gold pieces (gained 10).
Things that are here:
a +0 dagger; a goblin corpse
Found 19 bolts.
An orc wizard comes into view. It is wielding a +0 dagger.
Found a stone staircase leading up.
Found a robe and a whip.
An orc comes into view. It is wielding a +0 short sword.
An orc and an orc priest come into view.
The orc priest is wielding a +2 whip of venom.
The orc shouts! x2; The orc wizard shouts!
The orc priest shouts!
Casting: Beastly Appendage (safe; 22% risk of failure)
Confirm with . or Enter, or press ? or * to list all spells.
You grow a pair of large bovine horns.
The orc wizard gestures at you while chanting.
The puff of flame hits you.
The orc wizard points at you and mumbles some strange words.
The magic dart hits you!
Ouch! That really hurt!
You die... ## ..### o..###### oo.......

###. #.......# .#.
#.o<....# ..
######.o.....# #.
####...@o.....[.#
###.###.)..####.(.....#
####.......##### #.......#
.....>..)................#
###......#######.........
#...<..# #########
########


You could see an orc priest, an orc wizard and an orc.

Vanquished Creatures
  3 adders
  2 worms (D:2)
  2 dart slugs (D:2)
  3 orcs (D:3)
  8 endoplasms
  5 giant cockroaches
  12 goblins
  2 hobgoblins
  3 quokkas (D:2)
  10 ball pythons
  2 bats
  4 frilled lizards
  5 kobolds
  6 rats
67 creatures vanquished.

Notes
Turn   | Place    | Note
-------+----------+-------------------------------------------
     0 | D:1      | Descartes the Felid Wanderer began the quest for the Orb.
     0 | D:1      | Descartes set off with the following items: a potion of
                  | heal wounds, a scroll of teleportation, a potion of
                  | lignification
     0 | D:1      | Reached XP level 1. HP: 9/9 MP: 2/2
   255 | D:1      | Reached skill level 1 in Dodging
   608 | D:1      | Reached XP level 2. HP: 12/12 MP: 3/3
  1213 | D:1      | Found a faded altar of an unknown god.
  1627 | D:2      | Reached XP level 3. HP: 15/15 MP: 4/4
  1637 | D:2      | Learned a level 2 spell: Blink
  1861 | D:2      | Reached skill level 1 in Translocations
  2517 | D:2      | Reached XP level 4. HP: 17/19 MP: 5/5
  2545 | D:2      | Learned a level 1 spell: Beastly Appendage
  3838 | D:3      | Killed from afar by an orc wizard
  3839 | D:3      | Reached XP level 3. HP: -6/15 MP: 4/4
  4604 | D:4      | Killed from afar by an orc wizard

Illustrated notes

Levels and vault maps discovered:
D:1:      minmay_arrival_doors, layout_loops_ring,
          chequers_ecumenical_altar_twisty
D:2:      layout_basic, serial_glass, glass_columns_b, glass_columns_a,
          glass_columns_a, chequers_serial_rivers_micro_a,
          minmay_indecisive_spiral
D:3:      layout_basic
D:4:      layout_rooms, enter_ossuary_2

Skill      XL: |  1  2  3  4 |
---------------+-------------+-----
Stealth        | 3 4 |  4.7
Dodging        | 1 2 3 |  3.4
Translocations | 1 2 |  2.3
Fighting       | |  1.0
Unarmed Combat | |  5.0
Transmutations | |  0.8
Evocations     | |  2.1

Action                   |  1- 3 |  4- 6 || total
-------------------------+-------+-------++-------
Melee: Unarmed           |   107 |    42 ||   149
       Bite              |     5 |     3 ||     8
       Headbutt          |     1 |     1 ||     2
       Punch             |       |     1 ||     1
 Cast: Beastly Appendage |     5 |     7 ||    12
  Use: Scroll            |     1 |     3 ||     4
 Stab: Sleeping          |    18 |     4 ||    22
       Distracted        |       |     1 ||     1
Armor: Skin              |     3 |     1 ||     4
Dodge: Dodged            |    57 |    25 ||    82
